 Dungeon Crawl Stone Soup version 0.19.4-9-g45fd643 (console) character file.

83 Grinner the Twirler (level 4, -1/55 HPs)
             Began as a Minotaur Gladiator on Feb 21, 2017.
             Succumbed to Robin's poison
             ... on level 3 of the Dungeon.
             The game lasted 00:02:54 (1444 turns).

Grinner the Twirler (Minotaur Gladiator)            Turns: 1444, Time: 00:02:54

Health: -1/55      AC: 22    Str: 20    XL:     4   Next: 22%
Magic:  3/3        EV:  2    Int:  5    God:
Gold:   97         SH:  0    Dex: 11    Spells: 0 memorised, 3 levels left

rFire  . . .     SeeInvis .     a - +0 quarterstaff
rCold  . . .     Gourm    .     (armour currently unavailable)
rNeg   + + +     Faith    .     (shield currently unavailable)
rPois  +         Spirit   .     (helmet currently unavailable)
rElec  .         Reflect  .     (cloak currently unavailable)
rCorr  .         Harm     .     (gloves currently unavailable)
MR     .....     NoTele   +     (boots currently unavailable)
Stlth  +.........               (no amulet)
                                (no ring)
                                (no ring)

@: lethally poisoned (-1 -> -16), tree-form
A: (retaliatory headbutt), (horns 0)
a: no special abilities


You were on level 3 of the Dungeon.
You were near starving.
You were a tree.
You visited 1 branch of the dungeon, and saw 3 of its levels.

You collected 97 gold pieces.

Inventory:

Hand Weapons
 a - a +0 quarterstaff (weapon)
Missiles
 d - 3 throwing nets (quivered)
Armour
 b - a +0 leather armour (melded)
 c - a +0 hat (melded)
Scrolls
 g - 2 scrolls of amnesia {unknown}
 h - a scroll of magic mapping {unknown}
 l - a scroll of random uselessness {unknown}
 r - a scroll of teleportation {unknown}
 t - 4 scrolls of identify {unknown}
 u - a scroll of enchant armour {unknown}
Potions
 s - a potion of berserk rage {unknown}
Books
 o - a book of Alchemy

   Spells                             Type                      Level
   a - Sublimation of Blood           Necromancy                   2
   b - Ignite Poison                  Fire/Transmutation/Poison    3
   c - Petrify                        Transmutation/Earth          4
   d - Alistair's Intoxication        Transmutation/Poison         5
   e - Irradiate                      Conjuration/Transmutation    5
Comestibles
 f - 2 bread rations
 i - a beef jerky
 j - 4 meat rations
 m - a fruit


   Skills:
 - Level 2.4 Fighting
 + Level 5.8 Staves
 - Level 2.0 Throwing
 + Level 3.6 Dodging
 + Level 0.3 Spellcasting


You had 3 spell levels left.
You didn't know any spells.

Dungeon Overview and Level Annotations

Branches:
Dungeon (3/15)

Altars:

Annotations:
D:3 Robin


Innate Abilities, Weirdness & Mutations

((You reflexively headbutt those who attack you in melee.))
((You have a pair of horns on your head.))


Message History

The hobgoblin barely misses you.
The hobgoblin hits you but does no damage.
You hit the hobgoblin but do no damage.
* * * LOW HITPOINT WARNING * * *
You feel sick. Robin hits you but does no damage. The hobgoblin hits you.
* * * LOW HITPOINT WARNING * * *
You hit the hobgoblin but do no damage.
* * * LOW HITPOINT WARNING * * *
You feel sick.
The hobgoblin hits you but does no damage.
Robin hits you but does no damage.
The hobgoblin hits you but does no damage.
You barely miss the hobgoblin.
* * * LOW HITPOINT WARNING * * *
You feel sick.
The hobgoblin hits you but does no damage.
Robin hits you but does no damage.
The hobgoblin hits you but does no damage.
You closely miss the hobgoblin.
You die...

######...#............#
#...#............#
#...#...ggg.....=#
#..##....)g......#
##.## #..gg...######
#..# #..............
##.########.........
##..#######g.......(
#.......##♣g........
#.......##)g........
#.......##..........
#.......###.........
#...................
#......).........###
#................#
#####..####.###### ##.#
#.#


You could see Robin and 2 hobgoblins.

Vanquished Creatures
  An adder (D:2)
  2 oozes
  A worm (D:2)
  A dart slug (D:2)
  2 leopard geckos
  4 giant cockroaches
  12 goblins
  6 hobgoblins
  3 jackals (D:1)
  6 bats
  4 frilled lizards
  7 kobolds
  8 rats
57 creatures vanquished.

Notes
Turn   | Place    | Note
-------+----------+-------------------------------------------
     0 | D:1      | Grinner the Minotaur Gladiator began the quest for the Orb.
     0 | D:1      | Reached XP level 1. HP: 18/18 MP: 0/0
    39 | D:1      | Reached skill level 4 in Staves
   186 | D:1      | Reached XP level 2. HP: 25/25 MP: 1/1
   404 | D:1      | Reached skill level 5 in Staves
   559 | D:1      | Reached XP level 3. HP: 29/30 MP: 2/2
  1414 | D:3      | Noticed Robin
  1417 | D:3      | Reached XP level 4. HP: 37/37 MP: 3/3
  1431 | D:3      | Gained mutation: You are agile. (Dex +2) [potion of mutation]
  1431 | D:3      | Gained mutation: You regenerate slowly when monsters are visible. [potion of mutation]
  1431 | D:3      | Gained mutation: You are dopey. (Int -2) [potion of mutation]
  1438 | D:3      | Lost mutation: You are agile. (Dex +2) [potion of cure mutation]
  1438 | D:3      | Lost mutation: You are dopey. (Int -2) [potion of cure mutation]
  1438 | D:3      | Lost mutation: You regenerate slowly when monsters are visible. [potion of cure mutation]
  1442 | D:3      | HP: 2/55 [poisoned by Robin]
  1444 | D:3      | Succumbed to Robin's poison

Skill      XL: |  1  2 |
---------------+-------+-----
Staves         | 4 5 |  5.8
Fighting       | |  2.4
Throwing       | |  2.0
Dodging        | |  3.6
Spellcasting   | |  0.3

Action                   |  1- 3 |  4- 6 || total
-------------------------+-------+-------++-------
Melee: Quarterstaff      |    89 |    18 ||   107
       Headbutt          |    14 |     3 ||    17
  Use: Potion            |       |     5 ||     5
 Stab: Sleeping          |     1 |       ||     1
Armor: Leather armour    |    20 |     4 ||    24
       Skin              |       |    10 ||    10
Dodge: Dodged            |    44 |    29 ||    73
